[Event "*** Titled Tuesday Blitz"]
[Site "Chess.com"]
[Date "2020.10.20"]
[Round "10"]
[White "vaishali2001"]
[Black "picturesquecheck"]
[Result "0-1"]
[WhiteElo "2536"]
[BlackElo "2163"]
[TimeControl "180+1"]
[EndTime "11:59:45 PDT"]
[Termination "picturesquecheck won by resignation"]

1. d4 Nf6 2. Bf4 d5 3. e3 e6 4. Nf3 Bd6 5. Bg3 O-O 6. Nbd2 c5 7. c3 Qc7 8. Bd3 Nbd7 9. e4 dxe4 10. Nxe4 Nxe4 11.
Bxe4 Nf6 12. Bc2 b6 13. dxc5 Bxg3 14. hxg3 Qxc5 15. Qd3 g6 16. O-O-O Bb7 17. Qd2 Rfd8 18. Qxd8+ Rxd8 19. Rxd8+ Kg7 20. Rd2 Bxf3 21. gxf3 h5 22. Re1 Nd5 23. Bb3 Nf6 24. Re3 b5 25. a3 a5 26. Rd4 a4 27. Ba2 Qf5 28. Rd1 Qg5 29.
f4 Qc5 30. Re2 Ng4 31. Rdd2 Qc7 32. Bb1 h4 33. Be4 h3 34. f3 Nf6 35. Rh2 Qc4 36. Bd3 Qd5 37. Rxh3 Qxf3 38. Kc2 Qg4 39. Bf1 Ne4 40. Rdh2 Nxg3 41. Bd3 Nh5 42. Be2 Qf5+ 43. Bd3 Qxf4 44. Kb1 e5 45. Ka2 e4 46. Bxb5 e3 47. Bd3 Nf6 48. Re2 Nd5 49. Rh1 Qf6 50. Rd1 Qe6 51. Ka1 Nf4 52. Ree1 Ng2 53. Rg1 e2 54. Bxe2 Qxe2 55. Rc1 Nf4 56. c4 Nd3 57. Rb1 Qc2 58. Rg3 Nc5 59. Rc3 Nb3+ 60. Ka2 Qd2 61. c5 Qd5 62. c6 Nd4+ 63. Ka1 Nxc6 64. Rbc1 Nd4 65. Kb1 Nb3 66. R1c2 Qf5 67. Ka2 Qf1 68. Rc1 Nxc1+ 0-1

[Event "*** Titled Tuesday Blitz"]
[Site "Chess.com"]
[Date "2020.10.20"]
[Round "10"]
[White "BikingBrian"]
[Black "vova-79"]
[Result "0-1"]
[WhiteElo "2246"]
[BlackElo "2495"]
[TimeControl "180+1"]
[EndTime "11:59:47 PDT"]
[Termination "vova-79 won by resignation"]

1. d4 d5 2. Bf4 Nf6 3. e3 c5 4. Nc3 cxd4 5. exd4 a6 6. Nf3 Bg4 7. Be2 e6 8. O-O Nc6 9. Ne5 Bxe2 10. Nxe2 Rc8 11. c3 Bd6 12. Nc1 O-O 13. Ncd3 Ne4 14. f3 Nf6 15. Qe1 Qb6 16. Nd7 Nxd7 17. Bxd6 Rfe8 18. Qg3 Nf8 19. Rae1 Ng6 20. h4 Nce7 21. Bxe7 Nxe7 22. h5 Qc7 23. Qg4 h6 24. f4 Nf5 25. Ne5 Qe7 26. Qf3 b5 27. g4 Nd6 28. f5 Ne4 29. Rxe4 dxe4 30. Qxe4 exf5 31.
Rxf5 f6 32. Qd5+ Qe6 33. Ng6 Rcd8 34. Qxe6+ Rxe6 35. Kf2 Rde8 36. Nf4 Re1 37. Rc5 Rb1 38. d5 Rxb2+ 39. Kf3 Rxa2 40. d6 Rd2 41. Nd5 Rd8 42.
Ne7+ Kf7 43. Nf5 R2xd6 44. Nxd6+ Rxd6 45. Rc7+ Kf8 46. Ke4 Re6+ 47. Kf5 Re5+ 48. Kg6 Rg5+ 49. Kh7 Rxg4 50. Ra7 Rg5 51. Rxa6 f5 52. Rb6 f4 53.
Rb8+ Ke7 54. Rb7+ Ke6 55. Rb6+ Kd7 56. Rb7+ Kc6 57. Rf7 Rg4 58. Rf5 Kb6 59. Kg8 Rg5 60. Rxf4 Rxh5 61. Kxg7 Rh3 62. Kg6 Rxc3 63. Kxh6 Re3 64. Kg5 Ka5 65. Rd4 b4 66. Kf4 Re8 67. Rd5+ Ka4 68. Kf3 b3 69. Rd4+ Ka3 70. Rd7 b2 71. Ra7+ Kb3 72. Rb7+ Kc2 73. Rc7+ Kb1 74. Kf2 Ra8 75. Rc6 Ka1 76. Rb6 0-1

[Event "*** Titled Tuesday Blitz"]
[Site "Chess.com"]
[Date "2020.10.20"]
[Round "10"]
[White "bait_or_mate"]
[Black "kleopl"]
[Result "1-0"]
[WhiteElo "2582"]
[BlackElo "2444"]
[TimeControl "180+1"]
[EndTime "11:59:49 PDT"]
[Termination "bait_or_mate won on time"]

1. d4 f5 2. Nc3 Nf6 3. Bg5 d5 4. Bxf6 exf6 5. g3 Nc6 6. Bg2 Be6 7. e3 Bb4 8. Ne2 Ne7 9. a3 Ba5 10. b4 Bb6 11. Na4 c6 12. Nf4 Qd7 13. Nc5 Bxc5 14. bxc5 b6 15. cxb6 axb6 16. O-O O-O 17. Qd3 b5 18. Qb3 Ra4 19. Nd3 Qd6 20. Nc5 Ra7 21. a4 Rfa8 22. a5 Bc8 23. Qb4 Qc7 24. Nb3 Kf7 25.
Ra2 g6 26. Rfa1 Be6 27. Qc5 Nc8 28. Nc1 Nd6 29. Nd3 Nc4 30. a6 Bc8 31. Nb4 Bd7 32. Nxd5 Qd6 33. Qxd6 Nxd6 34. Nb6 Rd8 35. Nxd7 Rdxd7 36. Bxc6 Rdc7 37. Bd5+ Ke7 38. Kf1 Kd7 39. Ke2 Rc8 40. Kd3 Kc7 41. c4 bxc4+ 42. Bxc4 Ne4 43.
f3 Nd6 44. Be6 Rb8 45. e4 fxe4+ 46. fxe4 Rb4 47. e5 fxe5 48. dxe5 Ne4 49. Rc2+ Kb6 50.
Bc4 Nc5+ 51. Kc3 Ra4 52. Rxa4 Nxa4+ 53. Kb4 Nc5 54. e6 Re7 55. Re2 Kc6 56. Re5 Nxa6+ 57. Bxa6 Kd6 58. Re1 Rxe6 59. Rxe6+ Kxe6 60. Kc3 Ke5 61. Kd3 h6 62. Ke3 Kf5 63. Bd3+ Kg5 64. Kf3 Kf6 65.
h4 Kf7 66. Kf4 Kf6 67. g4 Kg7 68. g5 1-0

[Event "*** Titled Tuesday Blitz"]
[Site "Chess.com"]
[Date "2020.10.20"]
[Round "10"]
[White "barbara25"]
[Black "Barmen_EV"]
[Result "1-0"]
[WhiteElo "2318"]
[BlackElo "2513"]
[TimeControl "180+1"]
[EndTime "12:00:00 PDT"]
[Termination "barbara25 won by checkmate"]

1. e4 c5 2. Nf3 Nc6 3. Bb5 e6 4. O-O Nge7 5. Re1 Ng6 6. c3 d5 7. exd5 Qxd5 8. d4 cxd4 9. Bxc6+ bxc6 10. Nxd4 Be7 11. Nd2 O-O 12. Qf3 Bb7 13. b3 Qd7 14. Qe2 c5 15. N4f3 Bf6 16. Bb2 Rad8 17. Nc4 Nf4 18.
Qe3 Nd5 19. Qc1 Rfe8 20. Nce5 Qe7 21. c4 Nf4 22. Qxf4 h6 23. Qg3 g5 24. h4 Bg7 25.
hxg5 hxg5 26. Rab1 f6 27. Ng4 e5 28. Ne3 Qe6 29.
Qg4 Qf7 30. Nf5 Bc8 31. Rbd1 Qg6 32. Rxd8 Rxd8 33. Ne7+ Kh7 34. Nxc8 f5 35. Qh3+ Bh6 36. Ne7 g4 37. Nxg6 gxh3 38. Ngxe5 hxg2 39. Kxg2 Bf4 40. Nc6 Rg8+ 41. Kf1 Rc8 42. Re7+ Kg6 43. Nce5+ Kh6 44. Nf7+ Kg6 45. Rxa7 Re8 46. N7e5+ Kh6 47. Ra6+ Kh7 48. Rf6 Ra8 49. Rxf5 Rxa2 50. Rxf4 Rxb2 51. Nd7 Rxb3 52.
Nxc5 Rc3 53. Ne6 Kg6 54. c5 Rc1+ 55. Kg2 Kh5 56. Rd4 Kg6 57. Nf4+ Kf5 58. Nd3 Rc3 59. Rd6 Kg4 60. c6 Kf5 61. Nd4+ Ke4 62. Nb5 Rc2 63. c7 Kf5 64. Rd5+ Kg4 65. Rc5 Rxf2+ 66. Kxf2 Kh4 67. Rc4+ Kg5 68. c8=Q Kf6 69. Qc6+ Ke7 70. Re4+ Kf7 71. Qd7+ Kg6 72. Qe6+ Kh5 73. Qf5+ Kh6 74.
Re6+ Kg7 75. Qf6+ Kh7 76. Re7+ Kg8 77. Qg7# 1-0

[Event "*** Titled Tuesday Blitz"]
[Site "Chess.com"]
[Date "2020.10.20"]
[Round "10"]
[White "Ajedrez_con_German"]
[Black "sopo-tereladze"]
[Result "0-1"]
[WhiteElo "2439"]
[BlackElo "2334"]
[TimeControl "180+1"]
[EndTime "12:00:03 PDT"]
[Termination "sopo-tereladze won on time"]

1. Nf3 Nf6 2. e3 d5 3. b3 Bf5 4. Bb2 e6 5. c4 Be7 6. cxd5 exd5 7. Be2 O-O 8. O-O c6 9. d3 Nbd7 10. a3 Re8 11. Nbd2 Bg6 12. Re1 Bd6 13. Bf1 Ne5 14. Nxe5 Bxe5 15. Bxe5 Rxe5 16. Nf3 Re8 17. b4 Qd6 18. Qb3 Ng4 19. h3 Ne5 20. Nxe5 Rxe5 21. Rac1 Rae8 22. d4 Rg5 23. b5 Be4 24. f4 Rg3 25. bxc6 bxc6 26. Qb7 Qg6 27. Re2 h5 28. Rxc6 Qf5 29. Kf2 h4 30. Qb3 Bd3 31. Re1 Bxf1 32. Kxf1 g5 33. Qc2 Re4 34. Re2 gxf4 35.
exf4 Qxf4+ 36. Rf2 Qe3 37. Qd2 Rxd4 38. Rc8+ Kg7 39.
Qxe3 Rxe3 40. Re2 Rxe2 41. Kxe2 Ra4 42. Rd8 d4 43. Rd7 Kf6 44. Kf2 Ke6 45. Rd8 Ke5 46. Rh8 Rxa3 47. Rxh4 Ra2+ 48. Kf3 Ra3+ 49. Kf2 f5 50.
Rh8 Ra2+ 51. Kf3 Ra3+ 52. Kf2 Ke4 53. Re8+ Kf4 54. Rd8 Ra2+ 55. Kf1 Ke3 56. Re8+ Kd3 57. Rf8 Ra1+ 58. Kf2 Ra2+ 59. Kf3 Kc2 60. Rc8+ Kd2 61. Kf4 d3 62. Kxf5 Ke2 63. g4 d2 64. Re8+ Kf2 65. Rd8 Ke2 66. Re8+ Kf3 67. Rd8 Ra5+ 68. Kf6 Ke3 69.
g5 Ra4 70. g6 Rf4+ 71. Kg5 Rd4 72. Rxd4 Kxd4 73. g7 d1=Q 74. g8=Q Qg1+ 0-1

[Event "*** Titled Tuesday Blitz"]
[Site "Chess.com"]
[Date "2020.10.20"]
[Round "10"]
[White "platy3"]
[Black "KaterynaLagno"]
[Result "1-0"]
[WhiteElo "2836"]
[BlackElo "2712"]
[TimeControl "180+1"]
[EndTime "12:00:08 PDT"]
[Termination "platy3 won by resignation"]

1. e4 e5 2. Nf3 Nc6 3. Bc4 Nf6 4.
d3 Be7 5. O-O O-O 6. Re1 d6 7. a4 Kh8 8. Nbd2 Ng8 9. a5 a6 10. Bd5 f5 11. exf5 Bxf5 12. Bxc6 bxc6 13. d4 exd4 14. Nxd4 Qd7 15. Qf3 d5 16. Nxf5 Rxf5 17.
Qd3 Bc5 18. Nf3 Nf6 19. Be3 Bd6 20. Bd4 Ne4 21. Nd2 c5 22. Nxe4 cxd4 23. Nxd6 cxd6 24.
Qxd4 Raf8 25. f3 Rg5 26. Kh1 Qf5 27. Re2 h6 28. Rae1 Kh7 29. c3 Rf6 30. Rd1 Rfg6 31. Qd3 Qxd3 32. Rxd3 d4 33. Rxd4 Rxa5 34. h3 Ra1+ 35.
Kh2 Rb1 36. Red2 a5 37. Rd5 a4 38. R5d4 Rg5 39. Rxa4 Rb5 40. Rb4 Re5 41. Re4 Rb5 42.
b4 Rb3 43. Rc4 d5 44. Rc7 Kg6 45. Rd4 Kf6 46. Rf4+ Ke5 47. Rg4 g5 48. h4 gxh4 49. Rxh4 Rb6 50. Rh5+ Kf4 51. Rxd5 Rg6 52. Rd4+ Ke3 53.
Rg4 Rd6 54. Re7+ Kf2 55. Rge4 Rb2 56. Re1 Rd5 57. R7e5 Rd3 58. c4 Rc3 59. R5e4 Rcc2 60. c5 Rc3 61. Kh3 Rcc2 62. Re6 Rc3 63. R1e4 Rc1 64.
Kg4 Kxg2 65. f4 Kf2 66. f5 Rg1+ 67. Kf4 Rf1 68. f6 Kg2+ 69. Ke5 Rbf2 70. c6 Rf5+ 71. Kd6 Rxf6 72. Rxf6 Rxf6+ 73. Kc7 h5 74. b5 Kf3 75.
Rh4 Rh6 76. b6 Kg3 77. Rh1 Rh7+ 78. Kb8 Rh8+ 79. Kb7 h4 80. c7 h3 81. c8=Q Rxc8 82. Kxc8 Kg2 83. Rxh3 Kxh3 84. b7 1-0

[Event "*** Titled Tuesday Blitz"]
[Site "Chess.com"]
[Date "2020.10.20"]
[Round "10"]
[White "Gusarov91"]
[Black "Mazetovic"]
[Result "1/2-1/2"]
[WhiteElo "2604"]
[BlackElo "2734"]
[TimeControl "180+1"]
[EndTime "12:00:08 PDT"]
[Termination "Game drawn by stalemate"]

1. d4 Nf6 2. Nf3 g6 3. Bg5 Bg7 4.
Nbd2 d5 5. c3 O-O 6. e3 b6 7.
Bd3 Bb7 8. Bxf6 Bxf6 9. e4 e6 10. O-O Nd7 11. Re1 c5 12. e5 Bg7 13. b4 c4 14. Bc2 b5 15. a4 a5 16. Rb1 Bc6 17. bxa5 Qxa5 18. axb5 Bxb5 19. Nf1 Nb6 20. Qd2 Na4 21.
Rb4 Rfb8 22. Ra1 Bf8 23. Rbxa4 Bxa4 24. Rxa4 Qb5 25. Rxa8 Rxa8 26. h4 Qb2 27. Ng5 Bh6 28. Ne3 Bxg5 29. hxg5 Ra3 30. Ng4 Qxc3 31. Qf4 Ra7 32.
Nh6+ Kf8 33. Qf6 Ke8 34. Qh8+ Kd7 35. Nxf7 Kc6 36. Ba4+ Kb6 37. Qb8+ Rb7 38. Qd6+ Ka5 39. Qc5+ Kxa4 40. Qc6+ Rb5 41. Nd6 Qc1+ 42. Kh2 Qb2 43. Qa6+ Ra5 44. Qc6+ Ka3 45. Nb7 Rb5 46. Qa6+ Kb4 47.
Nd6 Ra5 48. Qb6+ Ka4 49. Qc6+ Ka3 50. Nb7 Ra4 51. Nc5 Qb4 52. Qxe6 c3 53. Qxd5 c2 54. Nd3 Qb3 55. Qc5+ Ka2 56. Nc1+ Kb2 57. Nxb3 Kxb3 58. e6 Rc4 59. Qb5+ Kc3 60. Qxc4+ Kxc4 61. e7 c1=Q 62. e8=Q Qf4+ 63. Kg1 Qc1+ 64. Kh2 Qf4+ 65. g3 Qxf2+ 66. Kh3 Qf5+ 67. Kh4 Kxd4 68. Qd8+ Ke3 69. Qb6+ Kf3 70.
Qb3+ Kf2 71. Qb2+ Ke3 72. Qc3+ Qd3 73. Qe1+ Kf3 74. Qh1+ Kf2 75. Qh2+ Ke3 76. Qg1+ Ke4 77. Qg2+ Ke5 78. g4 Qe3 79. Qh2+ Ke4 80. Qc2+ Kf3 81. Qc6+ Kf2 82. Qf6+ Kg2 83. Qf1+ Kh2 84. Qh1+ Kxh1 1/2-1/2

[Event "*** Titled Tuesday Blitz"]
[Site "Chess.com"]
[Date "2020.10.20"]
[Round "10"]
[White "TimofeevAr"]
[Black "IwkooO"]
[Result "1/2-1/2"]
[WhiteElo "2779"]
[BlackElo "2636"]
[TimeControl "180+1"]
[EndTime "12:00:09 PDT"]
[Termination "Game drawn - insufficient material"]

1. e4 c5 2. Nf3 e6 3. d4 cxd4 4. Nxd4 Nc6 5. Nc3 a6 6. Nxc6 bxc6 7. Bd3 d5 8. O-O Nf6 9. Qe2 Be7 10. b3 O-O 11. Bb2 Qc7 12. Na4 Bb7 13. e5 Nd7 14. c4 Nb6 15. Nxb6 Qxb6 16. Qc2 g6 17. Rac1 a5 18. a4 Ba6 19. Bc3 Rab8 20. Rb1 Bb4 21. h4 Qc5 22. Ba1 Rfd8 23. h5 dxc4 24. bxc4 Kg7 25.
Rfd1 Qe7 26. Be4 Qh4 27. Bxc6 Qxc4 28. Qxc4 Bxc4 29. hxg6 hxg6 30. Rbc1 Bb3 31. Rxd8 Rxd8 32. Bb5 Rd2 33. Bc3 Ra2 34. Bxb4 axb4 35. Rb1 Bxa4 36.
Rxb4 Bxb5 37. Rxb5 g5 38. g4 Kg6 39. Kg2 Re2 40. Kg3 Rd2 41. f3 Kg7 42. Ra5 Kf8 43.
Ra8+ Kg7 44. Ra5 Kf8 45. Ra8+ Ke7 46. Rg8 Rd5 47. Rxg5 Ra5 48. Rh5 Kf8 49. f4 Kg7 50. Kh4 Ra4 51. Kg5 Re4 52. Rh1 Re2 53. Rb1 Re4 54. Rb7 Re2 55. Rb5 Re4 56. Ra5 Re1 57.
Ra2 Re3 58. Ra5 Re1 59. f5 exf5 60. gxf5 Rg1+ 61. Kf4 Rf1+ 62. Ke4 Re1+ 63. Kd5 Rd1+ 64. Kc6 Rf1 65. f6+ Kg6 66. Kd7 Rb1 67. Rd5 Rb6 68.
Rd6 Rb5 69. e6 fxe6 70. Kxe6 Rf5 71. Ke7 Re5+ 72. Re6 Rf5 73. Ra6 Re5+ 74. Re6 Rf5 75. f7+ Kg7 76. Kd6 Rxf7 77. Re7 Kf6 78. Rxf7+ Kxf7 1/2-1/2

[Event "*** Titled Tuesday Blitz"]
[Site "Chess.com"]
[Date "2020.10.20"]
[Round "10"]
[White "SergeyKarjakin"]
[Black "VerdeNotte"]
[Result "1-0"]
[WhiteElo "2919"]
[BlackElo "2875"]
[TimeControl "180+1"]
[EndTime "12:00:15 PDT"]
[Termination "SergeyKarjakin won by resignation"]

1. d4 Nf6 2. Bf4 g6 3. Nc3 d5 4. e3 Bg7 5. h4 h5 6. Be2 O-O 7. Nf3 c5 8. Ne5 cxd4 9. exd4 Nc6 10. O-O Qb6 11. Nxc6 Qxc6 12. Be5 Bf5 13. Bd3 Bxd3 14. Qxd3 Rac8 15. Rfe1 Ne4 16. Nxd5 Qxd5 17. Rxe4 Rfd8 18. Bxg7 Kxg7 19. c3 e6 20. Qe3 Qb5 21. Qe2 Qxe2 22. Rxe2 b5 23. a3 a5 24. Re3 Kf6 25. g3 Rd5 26.
Kf1 Ke7 27. Ke2 Rf5 28. f3 Kd6 29. Kd3 g5 30. hxg5 Rxg5 31. f4 Rf5 32. Rh1 Rg8 33.
Rh4 a4 34. Kc2 f6 35. b3 axb3+ 36. Kxb3 Kd7 37. Kb4 Rd5 38. Rh1 Rc8 39. Kb3 Rg8 40. Rhe1 Rd6 41. Kb4 Rb8 42. f5 exf5 43. Re7+ Kc6 44.
Rh7 Rg8 45. Rxh5 Rg5 46. Rh3 Rg4 47. Re8 f4 48. gxf4 Rxf4 49. Rc8+ Kd7 50. Rc5 Rf1 51. Kxb5 Rb1+ 52. Kc4 Ra6 53. Kd5 Rd6+ 54. Ke4 Ra6 55. Rh7+ Ke6 56. Rhc7 Re1+ 57. Kd3 Rxa3 58. R5c6+ Kf5 59.
Rf7 Rd1+ 60. Kc2 Rh1 61. Rfxf6+ Ke4 62. Rfe6+ Kf3 63. Kd3 Rd1+ 64. Kc4 Rh1 65. d5 Ra4+ 66. Kb5 Ra8 67. c4 Rb1+ 68. Kc5 Ra5+ 69. Kd6 Rd1 70. Re7 Kf4 71. Rcc7 Kf5 72. Kd7 Kf6 73. d6 Ra6 74. c5 Rh1 75. Re8 Kf5 76. Re7 Kf6 77. c6 Kf5 78. Rc8 Rh6 79. Rf8+ Kg5 80. Rf1 Rg6 81.
Rg1+ Kh6 82. Rxg6+ Kxg6 83. c7 Ra7 84. Kd8 Ra8+ 85.
c8=Q 1-0

[Event "*** Titled Tuesday Blitz"]
[Site "Chess.com"]
[Date "2020.10.20"]
[Round "10"]
[White "crazy_but_lazy"]
[Black "indfraeng"]
[Result "1/2-1/2"]
[WhiteElo "2457"]
[BlackElo "2358"]
[TimeControl "180+1"]
[EndTime "12:00:15 PDT"]
[Termination "Game drawn by stalemate"]

1. c4 c5 2. g3 Nf6 3. Bg2 d5 4.
cxd5 Nxd5 5. Nc3 Nc7 6. d3 Nc6 7. Be3 e5 8. Bxc6+ bxc6 9. Qa4 Bd7 10. Nf3 f6 11. Ne4 Ne6 12. Rc1 Qb6 13. O-O Be7 14.
Nfd2 O-O 15. Nc4 Qb4 16. Qc2 Nd4 17. Qd1 Bg4 18. f3 Be6 19. Bd2 Qb5 20. e3 Nf5 21.
b3 Rfd8 22. Qe2 Rab8 23. Rc2 Nd6 24. Rd1 Nxe4 25. dxe4 Rd7 26. Be1 Rbd8 27. Rxd7 Rxd7 28. Kf2 h5 29. h4 Bd8 30. Bc3 a5 31. Rd2 Bc7 32.
Rxd7 Bxd7 33. Qd2 Be6 34. Nxa5 Bxa5 35. Bxa5 c4 36. bxc4 Qxc4 37. a3 Qa2 38. Qxa2 Bxa2 39. Bb4 Kf7 40. a4 Bc4 41. a5 g6 42. g4 hxg4 43.
fxg4 Bd3 44. Bc5 Ke6 45. Kg3 Ba6 46. h5 gxh5 47. gxh5 Kf7 48. Kh4 Bc8 49. Kg3 Ba6 50. Kh4 Bc8 51. Bd6 Ke6 52. h6 Kf7 53. Be7 Kg6 54.
h7 Kxh7 55. Bxf6 c5 56. Bxe5 Bb7 57. Bd6 c4 58. Bb4 Bxe4 59. Kg5 Kg7 60. Kf4 Bc6 61.
Ke5 Kf7 62. Kd6 Be4 63. Kc5 Ke7 64. Kxc4+ Kd7 65. Kd4 Bh1 66. a6 Kc6 67. Bc5 Kc7 68.
a7 Kb7 69. Ke5 Bg2 70. Kd6 Ka8 71. Kc7 Be4 72. Kb6 Bh1 73. Bd6 Bg2 74. Bb8 Be4 75.
Kc5 Bg2 76. Kd4 Bh1 77. e4 Bxe4 78. Kxe4 Kb7 79. Kd5 Ka8 80. Kd6 Kb7 81. Kd7 Ka8 82.
Bf4 Kb7 83. Be3 Ka8 84. Kd6 Kb7 85. Kd5 Ka8 86. Kc4 Kb7 87. Kb5 Ka8 88. Ka6 1/2-1/2

[Event "*** Titled Tuesday Blitz"]
[Site "Chess.com"]
[Date "2020.10.20"]
[Round "10"]
[White "zverr1"]
[Black "ambaixador"]
[Result "0-1"]
[WhiteElo "2402"]
[BlackElo "2322"]
[TimeControl "180+1"]
[EndTime "12:00:15 PDT"]
[Termination "ambaixador won on time"]

1. e4 c6 2. d4 d5 3. exd5 cxd5 4. c4 e6 5. Nc3 Nf6 6. Nf3 Be7 7. Bd3 dxc4 8.
Bxc4 O-O 9. O-O a6 10. a4 Nbd7 11. Qe2 Nb6 12. Bb3 Bd7 13. Bg5 Bc6 14. Rad1 Bxf3 15.
Qxf3 Nfd5 16. Bxe7 Qxe7 17. Nxd5 Nxd5 18. Bxd5 exd5 19.
Qxd5 Qb4 20. Qa2 Rfd8 21. d5 Rd6 22. Rd3 Rad8 23. Rfd1 h6 24. Rd4 Qc5 25. Qb3 b5 26. axb5 axb5 27. h4 Rf6 28. Qd3 Rdd6 29. Qe3 Qc8 30.
Re4 Kh7 31. h5 Qf5 32. Re5 Qc2 33. Qd3+ Qxd3 34. Rxd3 Rf4 35. Rb3 b4 36. g3 Rd4 37.
Re7 R6xd5 38. Rxf7 Rxh5 39. Rb7 Rf5 40. R3xb4 Rd2 41.
Rf4 Rxf4 42. gxf4 Rd4 43. f5 Rf4 44. Rb5 Kg8 45. Kg2 Kf7 46. Kg3 Rc4 47. f4 Kf6 48.
Kg4 Rc2 49. Rb6+ Kf7 50. b4 Rg2+ 51. Kf3 Rb2 52. Ke4 Rb1 53. b5 Re1+ 54. Kd5 Rd1+ 55. Ke5 Re1+ 56. Kd4 Rf1 57. Ke3 Re1+ 58. Kf2 Rb1 59.
Ke3 Re1+ 60. Kd4 Rf1 61. Ke5 Re1+ 62. Kd5 Rf1 63. Re6 Rxf4 64. Ke5 Rb4 65. b6 Rb5+ 66. Ke4 Rb4+ 67. Kd5 Rb1 68. Kc6 h5 69. b7 h4 70. Re4 h3 71. Rh4 Rb3 72. Rxh3 Rxh3 73.
b8=Q Rh6+ 74. Kd5 Rf6 75. Ke5 Ke7 76. Qh8 Kf7 77. Qh5+ Kg8 0-1

[Event "*** Titled Tuesday Blitz"]
[Site "Chess.com"]
[Date "2020.10.20"]
[Round "10"]
[White "tlomigtlis"]
[Black "orestn"]
[Result "1-0"]
[WhiteElo "2573"]
[BlackElo "2433"]
[TimeControl "180+1"]
[EndTime "12:00:21 PDT"]
[Termination "tlomigtlis won on time"]

1. d4 d5 2. c4 e6 3. Nc3 c5 4.
cxd5 exd5 5. Nf3 Nc6 6. Bf4 c4 7. e3 Bb4 8. Be2 Nf6 9. O-O O-O 10. Ne5 Bf5 11. Bf3 Bxc3 12. bxc3 Be4 13. Ng4 Nxg4 14. Bxe4 dxe4 15. Qxg4 Qd5 16. a4 Na5 17. Bh6 g6 18. Bxf8 Rxf8 19. f3 Re8 20. fxe4 Rxe4 21. Rf4 Rxe3 22.
Raf1 Re7 23. Qh4 Qd7 24. Qg5 Nb3 25. h4 Nd2 26. Rd1 Ne4 27. Qa5 b6 28. Qb4 f5 29.
Qxc4+ Kg7 30. d5 Nd6 31. Qd4+ Kg8 32. Rdf1 Qe8 33. Qf6 Qd7 34. h5 Rf7 35. Qe6 Qxe6 36. dxe6 Re7 37. Rd4 Ne4 38. Rd8+ Kg7 39. Rd7 Kf6 40.
a5 Kxe6 41. Rxe7+ Kxe7 42. axb6 axb6 43. Rb1 Nxc3 44. Rxb6 gxh5 45. Rh6 Ne4 46. Rxh5 Kf6 47. Rxh7 Kg5 48. Ra7 Kf4 49. Kh2 Kg5 50. Kh3 Nf2+ 51. Kg3 Ne4+ 52. Kf3 Nd2+ 53. Ke3 Ne4 54. Ra5 Kg4 55.
Ke2 Kf4 56. Ra8 Nc3+ 57. Kf2 Ne4+ 58. Kg1 Ng3 59. Ra3 Ne4 60. Kh2 Kg4 61. Ra4 Kf4 62.
Ra8 Nf2 63. Rg8 Ng4+ 64. Kh3 Nf2+ 65. Kh4 Ne4 66. g3+ Ke5 67. Rf8 Nf6 68. Kg5 Ne4+ 69. Kg6 Nxg3 70. Re8+ Kf4 71. Rf8 Kg4 72. Ra8 f4 73. Ra4 Kf3 74. Kg5 Ne4+ 75. Kf5 Ng3+ 76. Ke5 Ne2 77. Ra3+ Kf2 78. Ke4 Kg2 79. Rf3 Ng3+ 80.
Kxf4 Ne2+ 81. Kg4 Ng1 82. Ra3 Kf1 83. Ra2 Ke1 84. Kg3 Ne2+ 85. Kf3 Nc1 86. Rb2 Kd1 87. Ke3 Ke1 88. Rd2 Nb3 89. Rc2 Kd1 90. Rh2 Nc1 91.
Kd4 Ne2+ 92. Kd3 Nc1+ 93. Ke3 Nb3 94. Rb2 Nc1 95. Rd2+ 1-0

[Event "*** Titled Tuesday Blitz"]
[Site "Chess.com"]
[Date "2020.10.20"]
[Round "10"]
[White "sjam6687"]
[Black "talman67"]
[Result "1/2-1/2"]
[WhiteElo "2659"]
[BlackElo "2537"]
[TimeControl "180+1"]
[EndTime "12:00:22 PDT"]
[Termination "Game drawn - insufficient material"]

1. d4 Nf6 2. c4 e6 3. Nc3 Bb4 4. e3 O-O 5. Ne2 Re8 6. a3 Bf8 7. Nf4 d5 8. Bd3 c5 9. O-O dxc4 10. Bxc4 Nc6 11. dxc5 Bxc5 12. b4 Be7 13. Bb2 Bd7 14.
Nb5 Rc8 15. Be2 e5 16. Nd5 Nxd5 17. Qxd5 Be6 18. Qxd8 Rexd8 19. Rfd1 a6 20. Nc3 Bb3 21. Rxd8+ Rxd8 22. Kf1 f5 23. Ke1 e4 24. Rc1 Bf6 25. f4 Kf7 26. Ba1 g5 27. Nd1 Bxa1 28. Rxa1 gxf4 29.
exf4 Nd4 30. Ne3 Nc2+ 31. Nxc2 Bxc2 32. Rc1 Ba4 33. Rc7+ Rd7 34. Rxd7+ Bxd7 35. Kd2 Ke6 36. Bc4+ Kd6 37. Ke3 h6 38. g3 Be8 39. Be2 Bd7 40.
Kd4 Bc6 41. Bh5 Bd7 42. Bg6 b6 43. Bf7 a5 44. Bc4 axb4 45. axb4 Bc8 46. h3 Be6 47.
Be2 Bd7 48. g4 Be6 49. Ke3 Bd7 50. g5 hxg5 51. fxg5 Ke5 52. h4 f4+ 53. Kf2 f3 54. Bxf3 exf3 55. Kxf3 Kf5 56. Ke3 Be6 57. Kd4 b5 58.
Kc5 Bc4 59. Kc6 Kg6 60. Kc5 Kf5 61. Kc6 Be2 62. Kc5 Ke6 63. Kc6 Ke5 64. Kc5 Kf5 65. Kc6 Ke6 66. Kc5 Ke5 67. Kc6 Kf5 68. Kc5 Kg6 69. Kc6 Kh5 70. Kc5 Kg6 71. Kc6 Bc4 72. Kc5 Kh5 73. Kc6 Kxh4 74. g6 Kg5 75. g7 Kg6 76. g8=Q+ Bxg8 77. Kxb5 Kf6 78. Ka5 Bd5 79.
b5 Ke6 80. b6 Kd7 81. b7 Bxb7 1/2-1/2

[Event "*** Titled Tuesday Blitz"]
[Site "Chess.com"]
[Date "2020.10.20"]
[Round "10"]
[White "SchieberSpieler"]
[Black "Skat2704"]
[Result "1-0"]
[WhiteElo "2425"]
[BlackElo "2268"]
[TimeControl "180+1"]
[EndTime "12:00:22 PDT"]
[Termination "SchieberSpieler won by checkmate"]

1. Nf3 d5 2. d4 e6 3. c4 Nf6 4. g3 Be7 5. Bg2 O-O 6. O-O b6 7.
cxd5 exd5 8. Nc3 Bb7 9. Ne5 c5 10. Bf4 Na6 11. Rc1 Nc7 12. dxc5 bxc5 13. Qa4 Ne6 14.
Rfd1 Rb8 15. Nc6 Bxc6 16. Qxc6 Nxf4 17. gxf4 Rxb2 18. Nxd5 Nxd5 19. Bxd5 Qb8 20. e3 Rb6 21. Qd7 Bh4 22. Rxc5 Rg6+ 23. Bg2 Qb2 24. Qd2 Qb6 25. Rd5 h6 26. Kh1 Rb8 27. Be4 Rc6 28. Rd7 Rcc8 29. Bd5 Rf8 30. Rg1 Qb2 31. Qxb2 Rxb2 32. f3 Bf6 33.
Rc1 Rf2 34. Rxa7 Rb8 35. Bxf7+ Kh8 36. Bb3 Rd8 37. Rac7 h5 38. Rc8 Rxc8 39. Rxc8+ Kh7 40. Bc2+ g6 41. Rc7+ Kh6 42. Kg1 Rd2 43. Rc6 Kg7 44.
Rc7+ Kh6 45. Rc6 Kg7 46. a4 h4 47. h3 Re2 48. Re6 Rxc2 49. Ra6 Ra2 50. Ra7+ Kh6 51.
Ra6 Kg7 52. Ra7+ Kf8 53. Ra6 Be7 54. Rxg6 Bc5 55. Re6 Kf7 56. Re5 Bb6 57. Re4 Ra3 58. Kf2 Ra2+ 59. Kf1 Kf6 60. Kg1 Rb2 61. Kf1 Rh2 62.
f5 Rxh3 63. Re6+ Kxf5 64. Rxb6 Rxf3+ 65. Ke2 Rg3 66. Rb5+ Ke4 67. Rb4+ Kd5 68. Rxh4 Rg2+ 69. Kd3 Ra2 70. Rh5+ Kd6 71. a5 Ke6 72. Ke4 Ra4+ 73. Kf3 Kf6 74. a6 Kg6 75. Rb5 Rxa6 76. Kf4 Ra4+ 77. e4 Kf6 78. Rb6+ Ke7 79. Kf5 Ra5+ 80. e5 Ra1 81. Rb7+ Ke8 82. Kf6 Ra6+ 83. e6 Ra8 84.
Rh7 Ra1 85. Rh8# 1-0

[Event "*** Titled Tuesday Blitz"]
[Site "Chess.com"]
[Date "2020.10.20"]
[Round "10"]
[White "shnitez"]
[Black "Mbneu"]
[Result "1-0"]
[WhiteElo "2426"]
[BlackElo "2219"]
[TimeControl "180+1"]
[EndTime "12:00:26 PDT"]
[Termination "shnitez won on time"]

1. e4 c5 2. Nf3 Nf6 3. e5 Nd5 4.
g3 b6 5. Bg2 Bb7 6. O-O e6 7. Re1 Be7 8. c4 Nb4 9. d4 cxd4 10. a3 N4a6 11. b4 d6 12. Bb2 dxe5 13.
Nxe5 Bxg2 14. Kxg2 O-O 15. Qxd4 Bf6 16. Qe4 Nd7 17.
Rd1 Bxe5 18. Bxe5 Nf6 19. Qf3 Qc8 20. Bxf6 gxf6 21. Nc3 f5 22. Nb5 Qxc4 23. Nd6 Qc7 24. Rac1 Qe7 25. Qe3 Qf6 26. Nc4 Rac8 27. Ne5 Nc7 28.
Nd7 Qe7 29. Nxf8 Rxf8 30. Qe5 Ne8 31. Rc6 Qf6 32. Qxf6 Nxf6 33. Rc7 a5 34. Rb7 axb4 35. axb4 Nd5 36. Rxd5 exd5 37. Rxb6 Rd8 38. Kf3 Kg7 39.
Ke3 Re8+ 40. Kd3 Re4 41. b5 Rb4 42. Rb8 Rb2 43. f4 Rxh2 44. b6 Rb2 45. b7 h5 46.
Kd4 Rb5 47. Ke5 Kh7 48. Kxf5 d4+ 49. Ke4 Rb4 50. Kd3 Kg7 51. Ke4 Kh7 52. Kd3 Kg7 53. Rd8 Rxb7 54. Kxd4 Re7 55. Rd5 Kg6 56. Rg5+ Kh6 57.
Ra5 Re6 58. Ra3 Rd6+ 59. Ke4 Rg6 60. Kf3 f6 61. Ra6 Kg7 62. Ra7+ Kh6 63. Ra8 Rg7 64. Ra5 Rf7 65. Kg2 Kg6 66. Kf3 Rh7 67. Ke4 f5+ 68. Kf3 Re7 69. Ra6+ Kg7 70. Ra5 Kg6 71. Ra6+ Kg7 72.
Rb6 Rf7 73. Rb3 Rf6 74. Kg2 Kg6 75. Kh3 Kh6 76. Kh4 Rg6 77. Rc3 Rg4+ 78. Kh3 Rg6 79. Rc5 Rf6 80. Kh4 Kg6 81. Rc8 Kg7 82. Kxh5 Rh6+ 83.
Kg5 Rg6+ 84. Kxf5 Rxg3 85. Rc7+ Kf8 86. Kf6 Ke8 87. Re7+ Kf8 88. Ra7 Ke8 89. Ra8+ Kd7 90. f5 Rg1 91. Kf7 Rg5 92. f6 1-0